 Dungeon Crawl Stone Soup version 0.18.1-50-g88ac8fd (webtiles) character file.

700 ololoev the Chopper (level 7, 0/55 HPs)
             Began as a Demonspawn Berserker on Oct 28, 2016.
             Was a Believer of Trog.
             Slain by a sky beast (6 damage)
             ... on level 6 of the Dungeon.
             The game lasted 00:06:11 (804 turns).

ololoev the Chopper (Demonspawn Berserker)           Turns: 804, Time: 00:06:12

Health: 0/55       AC: 12    Str: 19    XL:     7   Next: 38%
Magic:  7/7        EV: 12    Int:  9    God:    Trog [**....]
Gold:   63         SH:  0    Dex: 10    Spells: 0 memorised, 6 levels left

rFire  . . .     SeeInvis .     a - +0 hand axe
rCold  . . .     Gourm    .     b - +0 animal skin
rNeg   . . .     Faith    .     (no shield)
rPois  .         Spirit   .     (no helmet)
rElec  .         Dismiss  .     (no cloak)
rCorr  .         Reflect  .     (no gloves)
SustAt .         Harm     .     n - +2 pair of boots
MR     ++...                    (no amulet)
Stlth  +.........               (no ring)
                                q - +3 ring of slaying

@: regenerating, very resistant to hostile enchantments, very unstealthy
A: rough black scales 2, powered by death 2, powered by pain 1
a: Berserk, Trog's Hand, Burn Spellbooks, Renounce Religion


Innate Abilities, Weirdness & Mutations

You are mostly covered in rough black scales (AC +7, Dex -2).
You regenerate health from kills.
You sometimes gain a little power by taking damage.

Inventory:

Hand Weapons
 a - a +0 hand axe (weapon)
Armour
 b - a +0 animal skin (worn)
 n - a +2 pair of boots (worn)
Jewellery
 q - a +3 ring of slaying (left hand)
Wands
 i - a wand of disintegration (12/24)
 l - a wand of digging (11/24)
 o - a wand of iceblast (7/15)
Scrolls
 e - a scroll of recharging {unknown}
 g - a scroll of identify {unknown}
 h - a scroll of fog {unknown}
 j - a scroll of remove curse {unknown}
 m - a scroll of teleportation {unknown}
Potions
 k - a potion of degeneration {unknown}
 p - a potion of agility {unknown}
Books
 r - an Akashic Record

   Spells                             Type                      Level
   a - Dispersal                      Translocation                6
   b - Malign Gateway                 Summoning/Translocation      7
   c - Disjunction                    Translocation                8
   d - Controlled Blink               Translocation                8
   Trog disapproves of the use of such an item.
Comestibles
 c - a bread ration
 d - 2 meat rations
 f - 7 chunks of flesh


   Skills:
 + Level 4.8 Fighting
 * Level 6.1 Axes
 + Level 3.9 Armour
 - Level 1.7 Dodging


You had 6 spell levels left.
You didn't know any spells.


You were on level 6 of the Dungeon.
You worshipped Trog.
Trog was pleased with you.
You were not hungry.

You visited 1 branch of the dungeon, and saw 6 of its levels.

You collected 63 gold pieces.

+.......(.+...............
#.........# #...(......##
##.......# #..(##.##..#
##.....## #.#.#..##..#
##...## # #)#.###..# ##'##
#.#.#.###..# #.#
#.#........#
#.########.........##
##.#..@......##.#####
##....#######.##.# #.....#
#.##.# ##....# #####.##.#
####.#.###........#
............###.####
#######.##### #.# #.# #.#
#.. ..#

Notes
Turn   | Place    | Note
--------------------------------------------------------------
     0 | D:1      | ololoev the Demonspawn Berserker began the quest for the Orb.
     0 | D:1      | Reached XP level 1. HP: 18/18 MP: 1/1
   101 | D:1      | Reached skill level 3 in Axes
   153 | D:1      | Gained mutation: You regenerate a little health from kills. [demonic ancestry]
   153 | D:1      | Reached XP level 2. HP: 23/24 MP: 2/2
   326 | D:3      | Found a shimmering altar of Xom.
   343 | D:3      | Gained mutation: You are partially covered in rough black scales (AC +4, Dex -1). [demonic ancestry]
   343 | D:3      | Reached XP level 3. HP: 29/29 MP: 3/3
   400 | D:4      | Noticed ololoev's ghost (amateur DsBe)
   404 | D:4      | Noticed an ogre
   410 | D:4      | Killed an ogre
   410 | D:4      | Reached ** piety under Trog
   410 | D:4      | Reached skill level 4 in Axes
   410 | D:4      | Gained mutation: You regenerate health from kills. [demonic ancestry]
   410 | D:4      | Reached XP level 4. HP: 36/36 MP: 4/4
   417 | D:4      | Killed ololoev's ghost
   417 | D:4      | Gained mutation: You are mostly covered in rough black scales (AC +7, Dex -2). [demonic ancestry]
   417 | D:4      | Reached XP level 5. HP: 42/42 MP: 5/5
   461 | D:5      | Entered Level 5 of the Dungeon
   474 | D:5      | Noticed an ogre
   488 | D:5      | Killed an ogre
   488 | D:5      | Reached skill level 5 in Axes
   488 | D:5      | Reached XP level 6. HP: 48/48 MP: 6/6
   510 | D:5      | Noticed an ice beast
   528 | D:5      | Killed an ice beast
   625 | D:6      | Noticed Blork the orc
   631 | D:6      | Killed Blork the orc
   631 | D:6      | Gained mutation: You sometimes gain a little power by taking damage. [demonic ancestry]
   631 | D:6      | Reached XP level 7. HP: 55/55 MP: 7/7
   714 | D:6      | Found Vohegiat's Antique Weapon Shop.
   737 | D:6      | Reached skill level 6 in Axes
   804 | D:6      | Slain by a sky beast

Dungeon Overview and Level Annotations

Branches:
Dungeon (6/15)
 Temple: D:4-7

Altars:
Xom

Shops:
D:6 (


Message History

As you open the door, it creaks loudly!
There is an open door here.
You feel less regenerative.
Found 15 gold pieces.
A centaur comes into view.
The centaur shouts!
The centaur wields a shortbow.
The centaur shoots an arrow.
The arrow hits you.
Things that are here:
an arrow; 15 gold pieces The centaur shoots an arrow.
The arrow hits you.
The centaur shoots an arrow.
The arrow hits you.
You see here 2 arrows.
The centaur unwields an uncursed shortbow.
The centaur closely misses you.
You hit the centaur.
The centaur is moderately wounded.
The centaur hits you but does no damage.
You slash the centaur!
The centaur is severely wounded.
The centaur hits you but does no damage.
The centaur closely misses you.
You slash the centaur!
You kill the centaur!
Trog accepts your kill.
Your Axes skill increases to level 6!
No target in view!
No target in view!
You see here 2 arrows.
You now have 63 gold pieces (gained 15).
You see here an arrow.
You see here 2 arrows.
Things that are here:
an uncursed shortbow; 15 arrows; a centaur corpse You butcher the centaur corpse.
f - 7 chunks of flesh (gained 4)
Things that are here:
an uncursed shortbow; 15 arrows You feel less regenerative.
You feel a little less mighty now.
You open the door.
Found 24 arrows.
There is an open door here.
A sky beast comes into view.
Found a fruit.
The sky beast flickers out of sight!
Deactivating autopickup; reactivate with Ctrl-A.
Something hits you but does no damage.
There is an open door here.
A sky beast appears from thin air!
Reactivating autopickup.
You barely miss the sky beast. The sky beast barely misses you.
You completely miss the sky beast. The sky beast hits you.
The sky beast shocks you.
You hit the sky beast.
The sky beast is lightly wounded.
The sky beast misses you.
You closely miss the sky beast.
The sky beast is lightly wounded.
The sky beast flickers out of sight!
Deactivating autopickup; reactivate with Ctrl-A.
Something hits you but does no damage.
You closely miss something. Something barely misses you.
You miss something. Something hits you but does no damage.
You miss something. Something hits you. Something shocks you.
You barely miss something. Something hits you but does no damage.
You miss something. Something hits you but does no damage.
You hit something. Something hits you but does no damage.
You miss something. Something hits you but does no damage.
You barely miss something. Something barely misses you.
You hit something. Something hits you. Something shocks you.
You hit something. Something barely misses you.
You hit something. Something hits you. Something shocks you.
You miss something. Something hits you. Something shocks you.
You miss something. Something hits you. Something shocks you.
Use which ability? (? or * to list)
Your skin crawls.
You feel resistant to hostile enchantments.
You feel slightly more hungry. Something hits you. Something shocks you.
Something hits you. Something shocks you.
You die...

There were no monsters in sight!

Vanquished Creatures
  An ice beast (D:5)
  The ghost of ololoev the Chopper, an amateur DsBe of Trog (D:4)
  2 ogres
  A centaur (D:6)
  Blork the orc (D:6)
  A howler monkey (D:5)
  A jelly (D:6)
  A giant frog skeleton (D:5)
  An orc wizard (D:5)
  An iguana (D:6)
  2 adders
  A shadow imp (D:6)
  2 worms
  A giant gecko (D:1)
  11 orcs
  2 hobgoblins
  2 jackals (D:6)
  A giant newt (D:1)
  3 kobolds
  3 rats
39 creatures vanquished.

Action                   |  1- 3 |  4- 6 |  7- 9 || total
-------------------------+-------+-------+-------++-------
Melee: Hand axe          |    51 |    70 |    31 ||   152
Invok: Berserk           |     2 |     3 |       ||     5
       Trog's Hand       |       |       |     1 ||     1
 Stab: Sleeping          |     1 |       |       ||     1
  Eat: Chunk             |       |     3 |     2 ||     5
Armor: Animal skin       |     2 |    21 |    10 ||    33
Dodge: Dodged            |    32 |    55 |    10 ||    97

Vault maps used:
D:1:      matt_arrival_refuge
D:2:      first_bread
D:3:      lemuel_doored_altar, uniq_terence, uniq_natasha
D:4:      minmay_temple_entry_poolview, serial_shops, nicolae_shop_behind_doors
D:6:      serial_shops, kennysheep_little_box, makhleb_blood_cavern_becter,
          uniq_blork_the_orc
